 Dungeon Crawl Stone Soup version 0.31-a0-844-gdc52ec4e09 (webtiles) character file.

Game seed: 16783262706979156192

56828 BinkBink the Eclecticist (level 14, -10/68 HPs)
             Began as a Deep Elf Fire Elementalist on Sept 28, 2023.
             Was the Champion of Vehumet.
             Shot with an arrow by Nessos (17 damage)
             ... on level 2 of the Orcish Mines.
             The game lasted 01:38:39 (23741 turns).

BinkBink the Eclecticist (DEFE)                    Turns: 23741, Time: 01:38:42

Health: -10/68     AC: 10    Str:  5    XL:     14   Next: 43%
Magic:  35/37      EV: 23    Int: 26    God:    Vehumet [******]
Gold:   813        SH:  0    Dex: 24    Spells: 25/47 levels left

rFire   . . .        (no weapon)
rCold   . . .        (no shield)
rNeg    . . .        I - +0 troll leather armour
rPois   .            t - +0 helmet
rElec   .            o - +1 cloak
rCorr   .            w - +2 pair of gloves {Dex+3}
SInv    .            r - +0 pair of boots
Will    +....        D - amulet of faith
Stlth   ++           p - +5 ring of evasion
HPRegen 1.11/turn    E - +6 ring of dexterity
MPRegen 0.25/turn

%: faith
@: lethally poisoned (-10 -> -16), on blink cooldown
A: no striking features
a: Renounce Religion


You were on level 2 of the Orcish Mines.
You worshipped Vehumet.
Vehumet was exalted by your worship.
You visited 4 branches of the dungeon, and saw 20 of its levels.

You collected 1379 gold pieces.
You spent 566 gold pieces at shops.

Inventory:

Armour
 o - a +1 cloak (worn)
 r - a +0 pair of boots (worn)
 t - a +0 helmet (worn)
 w - a +2 pair of gloves of dexterity (worn)
 z - +0 acid dragon scales
 B - an orb of guile
 I - a +0 troll leather armour (worn)
Magical Staves
 L - a staff of air
Jewellery
 p - a +5 ring of evasion (left hand)
 u - a ring of poison resistance
 C - a ring of willpower
 D - an amulet of faith (around neck)
 E - a +6 ring of dexterity (right hand)
 F - a ring of protection from fire
 H - a ring of protection from cold
Talismans
 v - a beast talisman
Wands
 d - a wand of light (26)
 e - a wand of digging (9)
 N - a wand of roots (14)
 Q - a wand of polymorph (3)
Scrolls
 a - a scroll of teleportation
 b - 4 scrolls of identify
 i - 4 scrolls of vulnerability
 j - 5 scrolls of noise
 k - 4 scrolls of revelation
 l - 3 scrolls of amnesia
 n - 4 scrolls of enchant armour
 s - 2 scrolls of enchant weapon
 y - a scroll of torment
 J - a scroll of poison
 O - a scroll of immolation
 P - a scroll of brand weapon
Potions
 c - a potion of curing
 f - 3 potions of lignification
 g - 4 potions of might
 h - 2 potions of resistance
 m - a potion of cancellation
 q - a potion of degeneration
 x - a potion of attraction
 A - a potion of brilliance
 G - 3 potions of mutation
 K - a potion of enlightenment
 M - a potion of berserk rage


   Skills:
 + Level 9.4 Dodging
 - Level 2.4 Stealth
 + Level 17.2 Spellcasting
 + Level 13.4 Conjurations
 + Level 12.1 Translocations
 + Level 13.8 Fire Magic
 - Level 4.1 Earth Magic


You had 25 spell levels left.
You knew the following spells:

 Your Spells              Type           Power      Damage    Failure   Level
a - Foxfire               Conj/Fire      100%       2x1d9     0%          1
b - Scorch                Fire           100%       2d9       0%          2
c - Flame Wave            Conj/Fire      75%        2d17      1%          4
d - Blink                 Tloc           100%       N/A       1%          2
e - Stone Arrow           Conj/Erth      100%       3d13      1%          3
f - Sticky Flame          Conj/Fire      75%        2d9       1%          4
g - Starburst             Conj/Fire      37%        6d11      1%          6

Your spell library contained the following spells:

 Spells                   Type           Power      Damage    Failure   Level
 Freezing Cloud           Conj/Ice/Air   22%        6-21      4%          5
 Lesser Beckoning         Tloc           100%       N/A       1%          2
 Momentum Strike          Conj/Tloc      100%       3d10      1%          2
 Dazzling Flash           Conj/Hex       100%       N/A       1%          3
 Inner Flame              Hex/Fire       55%        N/A       1%          3
 Volatile Blastmotes      Fire/Tloc      100%       2d18      1%          3
 Summon Small Mammal      Summ           88%        N/A       3%          1
 Cigotuvi's Dreadful Rot  Necr/Pois/Air  44%        N/A       5%          2
 Lee's Rapid Deconstruct  Erth           21%        3d12*     5%          5
 Call Canine Familiar     Summ           22%        N/A       11%         3
 Summon Guardian Golem    Hex/Summ       22%        N/A       11%         3
 Olgreb's Toxic Radiance  Pois           22%        N/A       11%         4
 Animate Armour           Summ/Erth      66%        N/A       16%         4
 Ignition                 Fire           38%        3d11      21%         8
 Anguish                  Hex/Necr       11%        N/A       36%         4
 Cause Fear               Hex            11%        N/A       36%         4
 Dispel Undead            Necr           22%        3d12      36%         4
 Summon Lightning Spire   Summ/Air       22%        N/A       36%         4
 Agony                    Necr           22%        N/A       71%         5
 Silence                  Hex/Air        11%        N/A       71%         5
 Death Channel            Necr           11%        N/A       99%         6
 Enfeeble                 Hex            11%        N/A       100%        7
 Discord                  Hex            11%        N/A       100%        8


Dungeon Overview and Level Annotations

Branches:
Dungeon (12/15)            Temple (1/1) D:4            Lair (5/5) D:8
  Swamp (0/4) Lair:3        Snake (0/4) Lair:3          Orc (2/2) D:11
    Elf (0/3) Orc:2
  Slime: Lair:4-5

Altars:
Ashenzari
Cheibriados
Dithmenos
Elyvilon
Fedhas
Gozag
Hepliaklqana
Kikubaaqudgha
Makhleb
Nemelex Xobeh
Okawaru
Qazlal
Ru
Sif Muna
Trog
Uskayaw
Vehumet
Wu Jian
Xom
Yredelemnul
Zin
The Shining One

Shops:
D:5 ?   D:11 *   Orc:1 !   Orc:2 (

Annotations:
D:12 Maurice
Orc:2 Nessos


Message History

There is a staircase to the Orcish Mines here.
You climb downwards.
Welcome back to the Orcish Mines!
There is a staircase back to the Dungeon, spattered with blood here.
You see here a +0 mace.
There is a stone staircase leading down, spattered with blood here.
You climb downwards.
Level annotation: Nessos
There is a stone staircase leading up, spattered with blood here.
You conjure some foxfire!
Your foxfire dissipates! x2
Magic restored.
Things that are here:
a +0 great mace; a +0 orcbow
Things that are here:
a +0 robe; a +0 dagger You now have 813 gold pieces (gained 22).
You see here a +0 club.
There is an entrance to Xocelomm's Antique Weapon Shoppe here.
An orc warrior comes into view. It is wielding a +0 halberd.
The orc warrior moves out of view.
Nessos shouts!
You hear a shout! x2
Nessos shoots an arrow.
The arrow hits you!! The arrow burns you.
You are poisoned.
Nessos mumbles some strange words.
Nessos blinks!
You feel extremely sick.
Nessos shoots an arrow.
The arrow closely misses you.
You feel very sick.
Nessos says, "Even if you were a mare, I'd kill you!"
Nessos shoots an arrow.
The arrow hits you!
* * * LOW HITPOINT WARNING * * *
The arrow burns you!
* * * LOW HITPOINT WARNING * * *
Casting: Foxfire (safe; 0% risk of failure)
Confirm with . or Enter, or press ? or * to list all spells.
You blink.
* * * LOW HITPOINT WARNING * * *
You feel very sick.
Nessos shoots an arrow.
The arrow hits you!
You die...

#.......#...##.....##.###..##.#..
................#.##...#.......#.
...............#§..##)......#....
...................#[#...........
...........c......^[.)##.........
.................).#...###.......
............∩....###...#.........
.................###.............
................@##...........#..
o... ...........####.##....#.....
.... .........### #....#..#......
.... ..........#####.............
.... ....................##......
.... ....................#.......
..## # ..##..##..##...#......
.... ≈..........##......... ....
≈≈..........#.........


You could see Nessos.

Vanquished Creatures
  Rupert (D:12)
  Kirke (D:12)
  An eleionoma (Lair:3)
  An ettin (Orc:1)
  Josephine (Lair:3)
  A hydra (Lair:2)
  Erolcha (D:11)
  An ogre mage (D:10)
  4 two-headed ogres
  3 death yaks (Lair:3)
  An orc high priest (Orc:2)
  Amaemon (Lair:1)
  A skyshark (Lair:5)
  Pikel (D:5)
  An orc knight (Orc:2)
  An ugly thing (D:11)
  An orc sorcerer (Orc:1)
  6 elephants
  4 manticores
  A cyclops (D:10)
  4 black mambas (Lair:3)
  Joseph (D:9)
  3 gargoyles
  7 cane toads
  2 torpor snails
  An orange demon (Lair:1)
  5 rime drakes
  Maggie (D:10)
  2 kobold demonologists
  2 unseen horrors
  An ice devil (D:11)
  6 komodo dragons
  4 trolls
  2 polar bears
  A hornet (D:9)
  18 blink frogs
  8 dream sheep
  7 wraiths
  2 shadows
  2 hogs (D:12)
  54 yaks
  Grum (D:10)
  Eustachio (D:5)
  2 steam dragons (D:8)
  4 vampire mosquitoes
  4 wargs
  2 nagas (Lair:3)
  3 acid dragons
  12 water moccasins
  33 orc warriors
  5 black bears
  3 sky beasts (D:8)
  4 ogres
  3 lemures
  6 wolves
  9 centaurs
  2 kobold brigands
  Blork the orc (D:4)
  2 gnoll sergeants
  8 bullfrogs
  5 scorpions
  13 wights
  45 killer bees
  4 howler monkeys
  2 quasits (D:12)
  9 jellies
  11 orc priests
  9 hounds
  3 iron imps (D:9)
  A gnoll bouda (D:5)
  3 iguanas
  A sleepcap (D:6)
  18 orc wizards
  10 gnolls
  9 adders
  A white imp (D:6)
  3 ufetubi
  2 worms (D:3)
  2 dart slugs (D:4)
  59 orcs
  8 bats
  9 endoplasms
  5 giant cockroaches
  12 goblins
  6 hobgoblins
  28 kobolds
  5 quokkas
  5 ball pythons
  7 frilled lizards
  4 rats
570 creatures vanquished.

Vanquished Creatures (collateral kills)
  8 foxfires
8 creatures vanquished.

Vanquished Creatures (others)
  3 humans (D:12)
  1577 foxfires
1580 creatures vanquished.

Grand Total: 2158 creatures vanquished

Notes
Turn   | Place    | Note
-------+----------+-------------------------------------------
     0 | D:1      | BinkBink the Deep Elf Fire Elementalist began the quest for
                  | the Orb.
     0 | D:1      | Reached XP level 1. HP: 10/10 MP: 6/6
   166 | D:1      | Reached XP level 2. HP: 15/15 MP: 5/8
   497 | D:1      | Found Beosuis's Magic Scroll Shop.
   504 | D:1      | Bought a scroll of teleportation for 33 gold pieces
   504 | D:1      | Bought a scroll of identify for 22 gold pieces
   551 | D:1      | Found a faded altar of an unknown god.
   839 | D:1      | Reached skill level 4 in Spellcasting
  1046 | D:2      | Reached XP level 3. HP: 19/19 MP: 5/10
  1555 | D:2      | Reached XP level 4. HP: 24/24 MP: 9/12
  1866 | D:2      | Reached skill level 5 in Spellcasting
  1959 | D:2      | Reached XP level 5. HP: 28/28 MP: 6/15
  2300 | D:1      | Bought a scroll of noise for 11 gold pieces
  2300 | D:1      | Bought a scroll of vulnerability for 44 gold pieces
  2300 | D:1      | Bought a scroll of identify for 22 gold pieces
  2739 | D:3      | Learned a level 2 spell: Scorch
  2770 | D:3      | Reached skill level 6 in Spellcasting
  2894 | D:3      | Found a shimmering altar of Xom.
  2896 | D:3      | Found a shimmering altar of Xom.
  2921 | D:3      | Found a shimmering altar of Xom.
  3199 | D:3      | Found a bloodstained altar of Trog.
  3200 | D:3      | Found a sparkling altar of Nemelex Xobeh.
  3200 | D:3      | Found a snail-covered altar of Cheibriados.
  3201 | D:3      | Found a sacrificial altar of Ru.
  3211 | D:3      | Reached XP level 6. HP: 19/32 MP: 9/17
  3264 | D:3      | Found an opulent altar of Gozag.
  3667 | D:4      | Noticed Blork the orc
  3677 | D:4      | Killed Blork the orc
  3678 | D:4      | Reached skill level 7 in Spellcasting
  3732 | D:4      | Reached skill level 5 in Fire Magic
  3768 | D:4      | Found a staircase to the Ecumenical Temple.
  3794 | Temple   | Entered the Ecumenical Temple
  3876 | Temple   | Became a worshipper of Vehumet
  4281 | D:4      | Reached XP level 7. HP: 36/36 MP: 14/20
  4707 | D:4      | Reached skill level 8 in Spellcasting
  5012 | D:4      | Learned a level 4 spell: Flame Wave
  5061 | D:5      | Entered Level 5 of the Dungeon
  5363 | D:5      | Reached skill level 9 in Spellcasting
  5488 | D:5      | Reached skill level 5 in Conjurations
  5488 | D:5      | Reached XP level 8. HP: 41/41 MP: 16/23
  5763 | D:5      | Noticed Eustachio
  5777 | D:5      | Killed Eustachio
  5778 | D:5      | Reached skill level 10 in Spellcasting
  6161 | D:5      | Reached * piety under Vehumet
  6161 | D:5      | Offered knowledge of Magic Dart by Vehumet.
  6180 | D:5      | Found The Oracle's Delphic Readings.
  6186 | D:5      | Bought a scroll of identify for 22 gold pieces
  6186 | D:5      | Bought a book of Spatial Translocations for 198 gold pieces
  6189 | D:5      | Learned a level 2 spell: Blink
  6227 | D:5      | Reached skill level 1 in Translocations
  6529 | D:6      | Noticed Pikel
  6645 | D:5      | Killed Pikel
  6646 | D:5      | Reached skill level 11 in Spellcasting
  6646 | D:5      | Reached XP level 9. HP: 14/45 MP: 9/26
  7291 | D:6      | Noticed a two-headed ogre
  7337 | D:6      | Killed a two-headed ogre
  8269 | D:1      | Bought a scroll of identify for 22 gold pieces
  8269 | D:1      | Bought a scroll of identify for 22 gold pieces
  8422 | D:7      | Offered knowledge of Static Discharge by Vehumet.
  8423 | D:7      | Reached skill level 12 in Spellcasting
  8440 | D:7      | Reached skill level 5 in Translocations
  8440 | D:7      | Reached ** piety under Vehumet
  8528 | D:7      | Reached XP level 10. HP: 50/50 MP: 20/28
  8713 | D:7      | Noticed a gargoyle
  8722 | D:7      | Killed a gargoyle
  8853 | D:7      | Found a white marble altar of Elyvilon.
  9346 | D:7      | Offered knowledge of Searing Ray by Vehumet.
  9922 | D:8      | Reached *** piety under Vehumet
 10013 | D:8      | Reached skill level 13 in Spellcasting
 10130 | D:8      | Found a staircase to the Lair.
 10326 | D:8      | Offered knowledge of Fulminant Prism by Vehumet.
 10874 | D:8      | Found a shadowy altar of Dithmenos.
 10986 | D:9      | Noticed a gargoyle
 11033 | D:9      | Reached skill level 10 in Fire Magic
 11033 | D:9      | Reached XP level 11. HP: 31/54 MP: 12/30
 11124 | D:8      | Reached **** piety under Vehumet
 11173 | D:9      | Offered knowledge of Stone Arrow by Vehumet.
 11677 | D:9      | Noticed a two-headed ogre
 11692 | D:9      | Killed a two-headed ogre
 11837 | D:9      | Learned a level 3 spell: Stone Arrow
 11843 | D:9      | Found a burning altar of Makhleb.
 12054 | D:9      | Reached ***** piety under Vehumet
 12055 | D:9      | Reached skill level 1 in Earth Magic
 12057 | D:9      | Reached skill level 10 in Conjurations
 12212 | D:9      | Noticed Joseph
 12217 | D:9      | Killed Joseph
 12552 | D:1      | Bought a scroll of fog for 44 gold pieces
 12552 | D:1      | Bought a scroll of fear for 44 gold pieces
 12552 | D:1      | Bought a scroll of blinking for 82 gold pieces
 12727 | Lair:1   | Entered Level 1 of the Lair of Beasts
 12857 | D:10     | Entered Level 10 of the Dungeon
 12867 | D:10     | Noticed Maggie
 12876 | D:10     | Killed Maggie
 13075 | D:10     | Reached skill level 14 in Spellcasting
 13082 | D:10     | Offered knowledge of Sticky Flame by Vehumet.
 13088 | D:10     | Learned a level 4 spell: Sticky Flame
 13779 | D:10     | Noticed a two-headed ogre
 13792 | D:10     | Killed a two-headed ogre
 13956 | D:10     | Noticed an ogre mage
 13960 | D:10     | Killed an ogre mage
 13961 | D:10     | Reached XP level 12. HP: 59/59 MP: 15/32
 14094 | D:10     | Found a glowing silver altar of Zin.
 14095 | D:10     | Noticed an angel
 14256 | D:10     | Noticed Grum
 14264 | D:10     | Killed Grum
 14747 | D:11     | Noticed Erolcha
 14754 | D:11     | Killed Erolcha
 15317 | D:11     | Noticed a two-headed ogre
 15322 | D:11     | Killed a two-headed ogre
 15437 | D:11     | Found a staircase to the Orcish Mines.
 15565 | D:11     | Reached skill level 15 in Spellcasting
 15778 | D:11     | Found Buewuzoz's Assorted Antiques.
 15978 | D:12     | Noticed Rupert
 15994 | D:12     | Paralysed by Rupert for 5 turns
 16012 | D:12     | Paralysed by Rupert for 2 turns
 16016 | D:12     | Killed Rupert
 16017 | D:12     | Reached skill level 5 in Dodging
 16145 | D:12     | Noticed Kirke
 16154 | D:12     | Killed Kirke
 16155 | D:12     | Reached skill level 10 in Translocations
 16592 | D:12     | Noticed Maurice
 17257 | Lair:1   | Noticed Amaemon
 17268 | Lair:1   | Killed Amaemon
 17269 | Lair:1   | Reached XP level 13. HP: 47/63 MP: 14/34
 18550 | Lair:2   | Reached skill level 16 in Spellcasting
 18878 | Lair:2   | Offered knowledge of Starburst by Vehumet.
 18890 | Lair:2   | Learned a level 6 spell: Starburst
 19211 | Lair:2   | Identified the +6 glaive "Emuxkoma" {protect, rElec Dex+3}
 19421 | Lair:3   | Noticed Josephine
 19792 | Orc:1    | Entered Level 1 of the Orcish Mines
 19792 | Orc:1    | Noticed an ettin
 19809 | Orc:1    | Killed an ettin
 20057 | Orc:1    | Found Distiqiw's Distillery.
 20391 | Orc:2    | Entered Level 2 of the Orcish Mines
 20759 | Orc:2    | Found a staircase to the Elven Halls.
 20878 | Orc:2    | Reached ****** piety under Vehumet
 21025 | Orc:2    | Offered knowledge of Eringya's Noxious Bog by Vehumet.
 21214 | Orc:2    | Noticed Nessos
 21473 | Orc:2    | Found Xocelomm's Antique Weapon Shoppe.
 21847 | Lair:3   | You fall into a shaft and drop 2 floors!
 21847 | Lair:5   | Entered Level 5 of the Lair of Beasts
 22045 | Lair:5   | Reached XP level 14. HP: 68/68 MP: 21/36
 22329 | Lair:3   | Killed Josephine
 22334 | Lair:3   | HP: 3/68 [wraith[Josephine] (7)]
 22541 | Lair:3   | Found a staircase to the Swamp.
 22549 | Lair:3   | Reached skill level 17 in Spellcasting
 22639 | Lair:3   | Offered knowledge of Freezing Cloud by Vehumet.
 23006 | Lair:3   | Found a staircase to the Snake Pit.
 23741 | Orc:2    | Shot with an arrow by Nessos

Illustrated notes

Levels and vault maps discovered:
D:1:      nzn_arrival_water_spiral, layout_basic, serial_shops,
          nicolae_shop_statue_plus, dilly_ecumenical_altar_fadedgnrine
D:2:      cheibrodos_fertilizer, layout_loops_ring
D:3:      layout_loops_ring, grunt_temple_overflow_open, xom_redecorated,
          serial_aquarium, aquarium_bridge_island_small
          [aquarium_subvault_small_open, aquarium_subvault_wall,
          aquarium_subvault_bridge, aquarium_subvault_window,
          aquarium_subvault_wall], aquarium_window_fake, aquarium_window_fake,
          aquarium_view_2e, aquarium_balcony_1b, aquarium_pool_corner
D:4:      cheibrodos_quashed, layout_cave_pods, minmay_temple_entry_arrows,
          minivault_23, uniq_blork_the_orc
D:5:      minmay_skewed_foursquare, layout_basic, kennysheep_doodads,
          nicolae_nh_oracle_at_delphi, uniq_eustachio
D:6:      layout_basic, uniq_pikel
D:7:      layout_loops_ring, elyvilon_altar_1, uniq_crazy_yiuf_cottage
D:8:      layout_gridville, grunt_dithmenos_smoke_and_mirrors,
          grunt_lair_entry_orc_guard_hut, serial_glass, glass_columns_a,
          glass_columns_b, item_on_display_a, feat_on_display,
          due_unseen_surprise, feat_on_display
D:9:      layout_roguey, demons_altar, grunt_ministairs_3, uniq_joseph
D:10:     kennysheep_blocky_room, layout_layer_cave, zin_angel, uniq_grum,
          uniq_maggie
D:11:     layout_roguey, serial_shops, kennysheep_little_box, minivault_11,
          uniq_erolcha
D:12:     layout_rooms, serial_demonic, serial_demonic_a, serial_demonic_a,
          serial_demonic_f, serial_demonic_g, dreamdust_princess_corridor,
          uniq_kirke, uniq_rupert, uniq_maurice
Temple:   nicolae_temple_slightly_damp_pantheon
Lair:1:   wad_woods_minihive, layout_chaotic_city, serial_bayou_shore_a,
          uniq_amaemon
Lair:2:   layout_loops_ring, minmay_stone_trees_large
Lair:3:   layout_gridlike, alex1729_swamp_entry_worm_eleionoma,
          minmay_snake_entry_guardpost_small, uniq_josephine
Lair:4:   layout_small_grid, nicolae_slime_entry_slimehenge, uniq_snorg
Lair:5:   minmay_lair_end_frog_pond, layout_layer_cave,
          dreamdust_mushroom_princess, lookout_lair_type,
          dreamdust_deal_with_the_devil
Orc:1:    layout_caves, serial_shops, nicolae_shop_peninsula
Orc:2:    st_orc_rangers, layout_caves, serial_shops, shop,
          nicolae_shop_hallway_plus, mines5_lemuel, uniq_nessos

Skill      XL: |  1  2  3  4  5  6  7  8  9 10 11 12 13 14 |
---------------+-------------------------------------------+-----
Spellcasting   | 4 5 6 7 9 11 12 13 14 15 16 17 | 17.2
Conjurations   | 2 3 4 5 6 7 9 10 11 12 13 | 13.4
Fire Magic     | 4 5 6 7 8 10 11 12 13 | 13.8
Translocations | 2 5 7 8 10 11 12 | 12.1
Earth Magic    | 4 |  4.1
Dodging        | 6 8 9 |  9.4
Stealth        | |  2.4

Action                     |  1- 3 |  4- 6 |  7- 9 | 10-12 | 13-15 || total
---------------------------+-------+-------+-------+-------+-------++-------
  Melee: Unarmed           |       |       |     1 |       |       ||     1
   Cast: Foxfire           |    63 |   149 |   157 |   282 |   285 ||   936
         Scorch            |       |     1 |    97 |   200 |   234 ||   532
         Blink             |       |       |     2 |    13 |    13 ||    28
         Flame Wave        |       |       |       |    48 |    41 ||    89
         Stone Arrow       |       |       |       |     6 |       ||     6
         Starburst         |       |       |       |       |     3 ||     3
    Use: Scroll            |       |       |    14 |     9 |     7 ||    30
         Potion            |       |       |     1 |       |     5 ||     6
 Armour: Robe              |     6 |     6 |    36 |   117 |    40 ||   205
         Troll leather arm |       |       |       |       |    80 ||    80
  Dodge: Dodged            |    13 |     4 |    28 |   211 |   231 ||   487

Table legend: (Time is in decaauts)
 A = Elapsed time spent in this place.
 B = Non-inter-level travel time spent in this place.
 C = Inter-level travel time spent in this place.
 D = Time resting spent in this place.
 E = Time spent auto-exploring this place.
 F = Levels seen in this place.
 G = Mean time per level.
                   A        B        C        D        E       F      G
               +--------+--------+--------+--------+--------+-----+--------+
         Total |  23848 |  22148 |   1700 |    112 |  18017 |  20 | 1192.4 |
       Dungeon |  17600 |  16201 |   1399 |    112 |  13538 |  12 | 1466.7 |
        Temple |    101 |     82 |     19 |      0 |      0 |   1 |  101.0 |
          Lair |   4366 |   4153 |    213 |      0 |   3244 |   5 |  873.2 |
  Orcish Mines |   1779 |   1710 |     69 |      0 |   1235 |   2 |  889.5 |
               +--------+--------+--------+--------+--------+-----+--------+

Top non-repeatable levels by time:
    D:11: 2174 daAuts
    D:10: 2118 daAuts
     D:5: 1745 daAuts
  Lair:1: 1647 daAuts
     D:2: 1617 daAuts
     D:6: 1568 daAuts
     D:8: 1544 daAuts
     D:4: 1462 daAuts
     D:9: 1346 daAuts
     D:7: 1306 daAuts
     D:3: 1210 daAuts
  Lair:2: 1143 daAuts
     D:1: 1130 daAuts
  Lair:3: 1106 daAuts
   Orc:2: 958 daAuts
